 Dungeon Crawl Stone Soup version 0.32-a0-433-g08bcfe7efd (webtiles) character file.

Game seed: 161731063666147215

46 timneilson the Ruffian (level 3, -4/24 HPs)
             Began as an Octopode Shapeshifter on Feb 23, 2024.
             Slain by a gnoll
             ... wielding a +0 halberd
              (12 damage)
             ... on level 2 of the Dungeon.
             The game lasted 00:01:58 (801 turns).

timneilson the Ruffian (Octopode Shapeshifter)       Turns: 801, Time: 00:01:59

Health: -4/24      AC:  1    Str: 14 (15) XL:     3   Next: 68%
Magic:  0/3        EV: 13    Int: 11 (12) God:
Gold:   13         SH:  0    Dex:  8 (11) Spells: 2/2 levels left

rFire   . .          .
                       - Unarmed
rCold   . . .        (no shield)
rNeg    . . .        (helmet currently unavailable)
rPois   .            d - amulet of guardian spirit
rElec   .            (no ring)
rCorr   .            (no ring)
SInv    .            (no ring)
Will    .....        (no ring)
Stlth   ++           (no ring)
HPRegen 0.24/turn    (no ring)
MPRegen 0.08/turn    (no ring)
                     (no ring)

%: guardian spirit
@: beast-form
A: beast (slay +1), almost no armour, amphibious, 8 rings, camouflage 1,
gelatinous body 1, (nimble swimmer 1), tentacles
a: Begin Untransformation


You were on level 2 of the Dungeon.
You were a hulking beast.
You visited 1 branch of the dungeon, and saw 2 of its levels.

You collected 13 gold pieces.

Inventory:

Jewellery
 d - an amulet of guardian spirit (around mantle)
Talismans
 b - a beast talisman (active)
 c - a flux talisman
 g - a serpent talisman
Potions
 a - a potion of lignification
 f - a potion of attraction


   Skills:
 * Level 1.7 Fighting
 * Level 2.4 Dodging
 + Level 1.3 Stealth
 * Level 3.3 Unarmed Combat
 * Level 3.3 Shapeshifting


You had 2 spell levels left.
You didn't know any spells.
Your spell library contained the following spells:

 Spells                   Type           Power      Damage    Failure   Level
 Gell's Gravitas          Tloc           0%         N/A       71%         3
 Teleport Other           Tloc           0%         N/A       71%         3
 Dispersal                Tloc           0%         N/A       100%        6


Dungeon Overview and Level Annotations

Branches:
Dungeon (2/15)

Altars:

Shops:
D:1 :

Annotations:
D:1 2 transporters


Innate Abilities, Weirdness & Mutations

You are a hulking beast.
Your limbs bulge with bestial killing power. (Slay +1)
You cannot wear most types of armour.
You are amphibious.
You can wear up to eight rings at the same time.
Your skin changes colour to match your surroundings (Stealth+).
Your rubbery body absorbs attacks. (AC +1, EV +1)
((You are camouflaged when in or above water. (Stealth+)))
You have tentacles for arms and can constrict up to eight enemies at once.


Message History

You constrict the gnoll.
You hear a shout!
The gnoll hits you with a +0 club!
You tentacle-slap the gnoll.
The gnoll is severely wounded.
You constrict the gnoll. The gnoll hits you with a +0 club!
You tentacle-slap the gnoll.
You kill the gnoll!
It was a potion of degeneration.
There was something very wrong with that liquid.
You feel weakened.
You feel dopey.
You feel clumsy.
Okay, then.
It was a potion of curing.
You feel better. The gnoll hits you with a +0 club.
You see here a +0 club.
You tentacle-slap the gnoll. Your grab misses the gnoll.
The gnoll is moderately wounded.
The gnoll hits you with a +0 club.
The gnoll hits you from afar with a +0 halberd!
* * * LOW HITPOINT WARNING * * *
You tentacle-slap the gnoll. Your grab misses the gnoll.
The gnoll is severely wounded.
The gnoll barely misses you. x2
You tentacle-slap the gnoll.
You kill the gnoll!
The gnoll misses you. The gnoll closely misses you.
Things that are here:
a +0 club; a gnoll corpse You tentacle-slap the gnoll.
Your grab misses the gnoll.
The gnoll is lightly wounded.
The gnoll barely misses you.
You completely miss the gnoll. You grab the gnoll.
The gnoll is lightly wounded.
You constrict the gnoll. The gnoll barely misses you.
You tentacle-slap the gnoll.
The gnoll is severely wounded.
You constrict the gnoll. The gnoll hits you with a +0 halberd!
Ouch! That really hurt!
You die...

..........(.#
#.#####.#...####
#.# #.##.....#
#.. ..######.#
#### #### #.###
#...# ###.# #)#
#h# #g# #.# #.#
#)# #.# #.# #
#.# # #.#


You could see a gnoll.

Vanquished Creatures
  3 gnolls (D:2)
  5 ball pythons (D:1)
  An endoplasm (D:1)
  A goblin (D:2)
  2 hobgoblins
  3 bats (D:1)
  4 frilled lizards (D:1)
  A rat (D:1)
20 creatures vanquished.

Notes
Turn   | Place    | Note
-------+----------+-------------------------------------------
     0 | D:1      | timneilson the Octopode Shapeshifter began the quest for
                  | the Orb.
     0 | D:1      | Reached XP level 1. HP: 13/13 MP: 1/1
    70 | D:1      | Found Itisiw's Book Boutique.
   168 | D:1      | Reached XP level 2. HP: 16/18 MP: 2/2
   767 | D:2      | Reached skill level 1 in Stealth
   767 | D:2      | Reached XP level 3. HP: 23/23 MP: 3/3
   801 | D:2      | Slain by a gnoll

Illustrated notes

Levels and vault maps discovered:
D:1:      spicycebolla_arrival_transporter_tutorial, layout_loops_ring,
          serial_shops, shop
D:2:      layout_loops_cross, basic_altar, uniq_terence

Skill      XL: |  1  2 |
---------------+-------+-----
Stealth        | 1 |  1.3
Fighting       | |  1.7
Dodging        | |  2.4
Unarmed Combat | |  3.3
Shapeshifting  | |  3.3

Action                     || total
---------------------------++-------
  Melee: Unarmed           ||    37
         Constrict         ||     8
         Tentacles         ||     4
    Use: Scroll            ||     2
         Potion            ||     2
   Stab: Sleeping          ||     7
 Armour: Skin              ||    15
  Dodge: Dodged            ||    19

Table legend: (Time is in decaauts)
 A = Elapsed time spent in this place.
 B = Non-inter-level travel time spent in this place.
 C = Inter-level travel time spent in this place.
 D = Time resting spent in this place.
 E = Time spent auto-exploring this place.
 F = Levels seen in this place.
 G = Mean time per level.
                   A        B        C        D        E       F      G
               +--------+--------+--------+--------+--------+-----+--------+
         Total |    798 |    745 |     53 |      0 |    556 |   2 |  399.0 |
       Dungeon |    798 |    745 |     53 |      0 |    556 |   2 |  399.0 |
               +--------+--------+--------+--------+--------+-----+--------+

Top non-repeatable levels by time:
     D:1: 659 daAuts
     D:2: 139 daAuts
